 Dungeon Sprint DCSS version 0.31-a0-486-g8d68a81214 (webtiles) character file.

Game seed: 5963577655471104538

98 rocky1 the Changeling (level 4, -2/42 HPs)
             Began as an Octopode Shapeshifter on Aug 8, 2023.
             Slain by an iguana (13 damage)
             ... in the Dungeon (Sprint IX: "|||||||||||||||||||||||||||||").
             The game lasted 00:00:11 (26 turns).

rocky1 the Changeling (Octopode Shapeshifter)         Turns: 26, Time: 00:00:11

Health: -2/42      AC:  1    Str: 14    XL:     4   Next: 69%
Magic:  4/4        EV: 14    Int: 10    God:
Gold:   0          SH:  0    Dex: 14    Spells: 3/3 levels left

rFire   . .          .
                       - Unarmed
rCold   . . .        (no shield)
rNeg    . . .        (helmet currently unavailable)
rPois   .            (no amulet)
rElec   .            (no ring)
rCorr   .            (no ring)
SInv    .            (no ring)
Will    .....        (no ring) Stlth
                     (no ring)
HPRegen 0.27/turn    (no ring)
MPRegen 0.09/turn    (no ring)
                     (no ring)

%: no teleportation
@: berserking, beast-form, very quick
A: beast (slay +4), almost no armour, amphibious, 8 rings, camouflage 1,
gelatinous body 1, (nimble swimmer 1), tentacles
a: Begin Untransformation


You were in the Dungeon.
You were a hulking beast.
You visited 1 branch

Inventory:

Talismans
 b - a beast talisman (active)
Scrolls
 h - a scroll of blinking
Potions
 a - a potion of lignification
 c - a potion of curing
 d - a potion of heal wounds
 e - a potion of haste
 f - 2 potions of magic


   Skills:
 + Level 1.5 Fighting
 + Level 3.1 Dodging
 + Level 5.9 Unarmed Combat
 + Level 6.2 Shapeshifting


You had 3 spell levels left.
You didn't know any spells.
Your spell library was empty.

Dungeon Overview and Level Annotations

Branches:
Dungeon (1/1)

Altars:


Innate Abilities, Weirdness & Mutations

You are a hulking beast.
Your limbs bulge with bestial killing power. (Slay +4)
You cannot wear most types of armour.
You are amphibious.
You can wear up to eight rings at the same time.
Your skin changes colour to match your surroundings (Stealth+).
Your rubbery body absorbs attacks. (AC +1, EV +1)
((You are camouflaged when in or above water. (Stealth+)))
You have tentacles for arms and can constrict up to eight enemies at once.


Message History

You tentacle-slap the bat.
You kill the bat!
You bludgeon the rat!
You kill the rat!
Things that are here:
a bat corpse; a hobgoblin corpse; a giant cockroach corpse You start resting.
HP restored.
You open the door.
A phantom, 2 orcs, an iguana and an ice beast come into view.
You tentacle-slap the ice beast. Your squeeze misses the ice beast.
The ice beast is lightly wounded.
The iguana hisses angrily.
The orc shouts!
The ice beast misses you.
A red film seems to cover your vision as you go berserk!
You feel yourself moving faster!
You feel mighty! The ice beast closely misses you.
You barely miss the ice beast.
The ice beast is lightly wounded.
The ice beast hits you. The ice beast freezes you!
Ouch! That really hurt!
You bludgeon the ice beast!
Your tentacle-slap misses the ice beast.
You squeeze the ice beast!!
You kill the ice beast!
Your Dodging skill increases to level 3!
Your Unarmed Combat skill gained 2 levels and is now at level 5!
Your Shapeshifting skill gained 3 levels and is now at level 6!
You have reached level 2!
You have reached level 3!
Your experience leads to an increase in your attributes!
Increase (S)trength, (I)ntelligence, or (D)exterity?
You feel agile. x2
You have reached level 4!
The iguana bites you.
* * * LOW HITPOINT WARNING * * *
There is an open door, spattered with blood here.
You bludgeon the iguana! You grab the iguana.
The iguana is severely wounded.
You constrict the iguana. The iguana bites you!
You die... ▓▓▓▓▓▓▓▓▓▓▓▓▓▓▓▓▓▓ +.Woolh....†'...<▓ ▓▓▓▓▓▓▓▓▓▓▓▓▓▓▓▓▓▓

You could see a phantom, an iguana and 2 orcs.

Vanquished Creatures
  An ice beast (D)
  2 bats (D)
  A giant cockroach (D)
  A hobgoblin (D)
  A rat (D)
6 creatures vanquished.

Notes
Turn   | Place    | Note
-------+----------+-------------------------------------------
     0 | D        | rocky1 the Octopode Shapeshifter began the quest for the
                  | Orb.
     0 | D        | Reached XP level 1. HP: 13/13 MP: 1/1
    20 | D        | Noticed a phantom
    20 | D        | Noticed an iguana
    20 | D        | Noticed an ice beast
    24 | D        | Killed an ice beast
    25 | D        | Reached skill level 5 in Unarmed Combat
    25 | D        | Reached skill level 6 in Shapeshifting
    25 | D        | Reached XP level 2. HP: 9/18 MP: 2/2
    25 | D        | Reached XP level 3. HP: 11/23 MP: 3/3
    25 | D        | Reached XP level 4. HP: 14/28 MP: 4/4
    26 | D        | Slain by an iguana

Illustrated notes

Levels and vault maps discovered:
D:        linesprint [early_d, line_temple, items_1, d_10, items_2, lair_1,
          lair_end, items_3, orc_1, orc_end, items_4, d_15, swamp_1, shoals_1,
          snake_1, spider_1, d_20, vaults_1, items_5, swamp_end, shoals_end,
          snake_end, spider_end, vaults_end, d_27, items_6, zot_1, zot_end,
          crypt_end, forest_end, elf_end, slime_end, tomb_end, abyss_end,
          pan_hell_end]

Skill      XL: |  1 |
---------------+----+-----
Dodging        | 3 |  3.1
Unarmed Combat | 5 |  5.9
Shapeshifting  | 6 |  6.2
Fighting       | |  1.5

Action                     |  1- 3 |  4- 6 || total
---------------------------+-------+-------++-------
  Melee: Unarmed           |    12 |     1 ||    13
         Tentacles         |     3 |       ||     3
         Constrict         |     2 |     1 ||     3
    Use: Potion            |     1 |       ||     1
 Armour: Skin              |     1 |       ||     1
  Dodge: Dodged            |     6 |       ||     6

Table legend: (Time is in decaauts)
 A = Elapsed time spent in this place.
 B = Non-inter-level travel time spent in this place.
 C = Inter-level travel time spent in this place.
 D = Time resting spent in this place.
 E = Time spent auto-exploring this place.
 F = Levels seen in this place.
 G = Mean time per level.
                   A        B        C        D        E       F      G
               +--------+--------+--------+--------+--------+-----+--------+
         Total |     24 |     24 |      0 |      0 |      0 |   1 |   24.0 |
       Dungeon |     24 |     24 |      0 |      0 |      0 |   1 |   24.0 |
               +--------+--------+--------+--------+--------+-----+--------+

Top non-repeatable levels by time:
       D: 24 daAuts
